 Dungeon Crawl Stone Soup version 0.28.0-53-g5a82cb258f (webtiles) character file.

Game seed: 243253408775628127

1 LynnLen the Vexing (level 1, -1/13 HPs)
             Began as a Vampire Enchanter on Aug 1, 2022.
             Slain by a goblin
             ... wielding a +1 dagger of electrocution
              (10 damage)
             ... on level 1 of the Dungeon.
             The game lasted 00:00:50 (105 turns).

LynnLen the Vexing (Vampire Enchanter)               Turns: 105, Time: 00:00:51

Health: -1/13      AC:  2    Str:  7    XL:     1   Next: 16%
Magic:  3/3        EV: 12    Int: 17    God:
Gold:   18         SH:  0    Dex: 14    Spells: 4/4 levels left

rFire   . . .      SeeInvis +   a - +1 dagger
rCold   . . .      Faith    .   (no shield)
rNeg    . . .      Spirit   .   b - +0 robe
rPois   .          Reflect  .   (no helmet)
rElec   .          Harm     .   (no cloak)
rCorr   .          Rampage  .   (no gloves)
Will    .....                   (no boots)
Stlth   +++.......              (no amulet)
HPRegen 0.24/turn               (no ring)
MPRegen 0.08/turn               (no ring)

@: healing quickly, invisible
A: alive, fangs 3, see invisible, vampiric 1
a: Exsanguinate


You were on level 1 of the Dungeon.
You visited 1 branch of the dungeon, and saw 1 of its levels.

You collected 18 gold pieces.

Inventory:

Hand Weapons
 a - a +1 dagger (weapon)
Armour
 b - a +0 robe (worn)


   Skills:
 * Level 1.1 Short Blades
 * Level 2.2 Dodging
 + Level 4.4 Stealth
 - Level 2.0 Spellcasting
 - Level 4.4 Hexes


You had 4 spell levels left.
You didn't know any spells.
Your spell library contained the following spells:

 Spells                   Type           Power      Damage    Failure   Level
 Confusing Touch          Hex            16%        N/A       10%         3
 Tukima's Dance           Hex            16%        N/A       10%         3
 Ensorcelled Hibernation  Hex/Ice        18%        N/A       12%         2
 Dazzling Flash           Conj/Hex       18%        N/A       24%         3


Dungeon Overview and Level Annotations

Branches:
Dungeon (1/15)

Altars:


Innate Abilities, Weirdness & Mutations

Your natural rate of healing is accelerated.
You have razor-sharp teeth.
You have supernaturally acute eyesight. (SInv)
You are afflicted with vampirism.


Message History

Found an escape hatch in the floor.
There is an escape hatch in the floor here.
There is an escape hatch in the floor here.
Found 13 sling bullets.
A ball python comes into view.
The ball python hisses angrily.
The ball python bites you. The ball python grabs you.
The ball python constricts you.
The ball python bites you but does no damage.
The ball python constricts you.
You escape the ball python's grasp.
You hit the ball python.
The ball python is moderately wounded.
The ball python barely misses you. The ball python grabs you.
The ball python constricts you.
You closely miss the ball python.
The ball python is moderately wounded.
The ball python bites you but does no damage.
The ball python constricts you.
You hit the ball python.
The ball python is heavily wounded.
The ball python barely misses you. The ball python constricts you.
You hit the ball python. You bite the ball python.
You kill the ball python!
You see here a ball python corpse.
You see here a ball python corpse.
Found an escape hatch in the floor.
Found 18 gold pieces.
You now have 18 gold pieces.
There is an escape hatch in the floor here.
A goblin comes into view.
It is wielding a +1 dagger of electrocution.
A ball python comes into view.
A ball python comes into view.
The ball python hisses angrily. x2
The ball python moves out of view.
You fade into invisibility!
The goblin hits you with a +1 dagger of electrocution.
You are electrocuted!
Ouch! That really hurt!
You die...

###.###.###.#
.#..# #.#...#.#.#
.. . ###.#####.#.#
.#
...>......#.##.#
#######.###.#..# #
#.#...#.# ## #
###.###...# ..# ^
#..>..#...####S..#
#
#.###.#.....@gS..#
#.# #<#...####...#
### ###...# ..#
....## ## ......#
#####.# #.


You could see a goblin and 2 ball pythons.

Vanquished Creatures
  A ball python (D:1)
1 creature vanquished.

Notes
Turn   | Place    | Note
-------+----------+-------------------------------------------
     0 | D:1      | LynnLen the Vampire Enchanter began the quest for the Orb.
     0 | D:1      | Reached XP level 1. HP: 13/13 MP: 3/3
   105 | D:1      | Slain by a goblin

Illustrated notes

Levels and vault maps discovered:
D:1:      evilmike_arrival_hilbert_curve, layout_rooms, serial_shops, shop

Action                   || total
-------------------------++-------
Melee: Dagger            ||     4
       Bite              ||     1
  Use: Potion            ||     1
Armor: Robe              ||     2
Dodge: Dodged            ||     2
